[Event "*** Biggest EVER Titled Tuesday"]
[Site "Chess.com"]
[Date "2018.04.17"]
[Round "5"]
[White "Th3ChessViking"]
[Black "Winehouse83"]
[Result "1-0"]
[WhiteElo "2384"]
[BlackElo "2336"]
[TimeControl "180+2"]
[EndTime "14:07:01 PDT"]
[Termination "Th3ChessViking won by resignation"]

1. d4 Nf6 2. Nf3 g6 3. Bf4 Bg7 4. e3 O-O 5. h3 c5 6. c3 Qb6 7. Qb3 d5 8. Nbd2 c4 9. Qxb6 axb6 10. a3 Nc6 11. Rc1 h6 12. Be2 g5 13. Bg3 Bf5 14. O-O Nd7 15. Bd1 Bd3 16. Re1 f5 17. Bc2 Bxc2 18. Rxc2 e5 19. dxe5 Bxe5 20. Bxe5 Ndxe5 21. Nxe5 Nxe5 22. Nf3 Nd3 23. Rd1 f4 24. Ne1 fxe3 25.
Nxd3 cxd3 26. Rxd3 exf2+ 27. Rxf2 Rxf2 28. Kxf2 Rf8+ 29. Ke3 Rf5 30. Kd4 Kf7 31. Rd2 Ke6 32. Re2+ Kd6 33. Rd2 Rf4+ 34. Ke3 Ke5 35. Rd4 Re4+ 36.
Rxe4+ dxe4 37. c4 h5 38. g4 h4 39. a4 Kd6 40. Kxe4 Kc5 41. Kf5 Kxc4 42. Kxg5 Kb3 43. Kf6 Kxb2 44. g5 Ka3 45. g6 Kxa4 46. g7 b5 47.
g8=Q b4 48. Qa2+ 1-0

[Event "*** Biggest EVER Titled Tuesday"]
[Site "Chess.com"]
[Date "2018.04.17"]
[Round "5"]
[White "Tash_Boy"]
[Black "schoolmeester"]
[Result "0-1"]
[WhiteElo "2530"]
[BlackElo "2689"]
[TimeControl "180+2"]
[EndTime "14:07:14 PDT"]
[Termination "schoolmeester won by resignation"]

1. e4 c5 2. Nf3 a6 3. c4 d6 4.
Nc3 Bg4 5. Be2 Nc6 6. O-O g6 7. d3 Bxf3 8. Bxf3 Bg7 9. Be3 e6 10. g3 Nge7 11. Bg2 Rb8 12. a4 O-O 13. Kh1 Qd7 14. f4 f5 15. g4 Nd4 16. gxf5 gxf5 17. a5 b5 18. axb6 Rxb6 19. Rf2 Rfb8 20. Ra2 Nec6 21.
Bh3 Qf7 22. Rg2 Kh8 23. exf5 Nxf5 24. Bxf5 Qxf5 25. Ne4 Nd4 26. Ng3 Qh3 27. Bxd4 Bxd4 28. Qf3 Bxb2 29. Rg1 Bd4 30. Re1 Rb1 31. Re2 R8b2 32.
Qa8+ Kg7 33. Qg2 Rxe1+ 34. Rxe1 0-1

[Event "*** Biggest EVER Titled Tuesday"]
[Site "Chess.com"]
[Date "2018.04.17"]
[Round "5"]
[White "TastyFrenchFries"]
[Black "TheCount"]
[Result "0-1"]
[WhiteElo "2328"]
[BlackElo "2547"]
[TimeControl "180+2"]
[EndTime "14:07:14 PDT"]
[Termination "TheCount won by resignation"]

1. Na3 Nf6 2. c4 e5 3. g3 d5 4. Bg2 c6 5. cxd5 cxd5 6. d3 Nc6 7. Nf3 Bb4+ 8. Bd2 e4 9. Ng1 Qa5 10.
Bxb4 Nxb4 11. Qd2 exd3 12. exd3 Nxd3+ 13. Ke2 Qxd2+ 14. Kxd2 Nxf2 15. Re1+ Be6 16. Nf3 Nxh1 17. Rxh1 O-O 18. Nc2 Bf5 19. Ncd4 Be4 20. Re1 Rfe8 21. Bf1 Bxf3 22. Nxf3 Rxe1 23. Kxe1 Rc8 24. Kd2 Ne4+ 25. Kd3 Rc1 26. Be2 f6 27. Kd4 Rc2 28. Bd3 Rxb2 29.
Kxd5 Ng5 30. Nd4 Rxh2 31. Kd6 Rd2 32. Bc4+ Kf8 33. Kd5 Nf3 0-1

[Event "*** Biggest EVER Titled Tuesday"]
[Site "Chess.com"]
[Date "2018.04.17"]
[Round "5"]
[White "David_Paravyan"]
[Black "biostatistician"]
[Result "1-0"]
[WhiteElo "2671"]
[BlackElo "2434"]
[TimeControl "180+2"]
[EndTime "14:07:16 PDT"]
[Termination "David_Paravyan won by resignation"]

1. Nf3 Nf6 2. c4 g6 3. Nc3 Bg7 4. e4 d6 5. d4 O-O 6. Be2 e5 7. O-O Nbd7 8. Be3 Ng4 9. Bg5 f6 10. Bh4 g5 11. Bg3 Nh6 12. c5 dxc5 13. dxe5 fxe5 14.
Bc4+ Kh8 15. h4 g4 16. Ng5 Nb6 17. Be6 Qe7 18. Nd5 Nxd5 19. exd5 Nf5 20. Qxg4 Nd4 21. Qe4 Bf6 22. Bxe5 Nxe6 23. dxe6 Bxe6 24. Rae1 Bg8 25. Bxf6+ Qxf6 26. Qxb7 Rab8 27. Qxc7 Rxb2 28. Qxc5 Rxa2 29. Ne6 Re8 30. Nc7 Rc8 31. Ne8 Rxc5 32. Nxf6 Bc4 33. Rc1 Kg7 34. Nd7 Bxf1 35. Nxc5 Be2 36. Ne6+ Kf6 37. Nf4 Bb5 38. Nd5+ Ke5 39. Nc3 Rb2 40. Nxb5 Rxb5 41. Rc7 a5 42. Rxh7 a4 43. Rh5+ 1-0

[Event "*** Biggest EVER Titled Tuesday"]
[Site "Chess.com"]
[Date "2018.04.17"]
[Round "5"]
[White "Pudor"]
[Black "Jbd735"]
[Result "0-1"]
[WhiteElo "2208"]
[BlackElo "2298"]
[TimeControl "180+2"]
[EndTime "14:07:25 PDT"]
[Termination "Jbd735 won by resignation"]

1. d4 d5 2. c4 e6 3. Nc3 c6 4. Nf3 Nf6 5. Bg5 dxc4 6. e4 b5 7. e5 h6 8. Bh4 g5 9. Nxg5 hxg5 10. Bxg5 Nbd7 11. exf6 Bb7 12. g3 Qb6 13. Bg2 O-O-O 14.
O-O c5 15. d5 b4 16. Na4 Qa6 17. a3 Bxd5 18. Bxd5 Ne5 19. axb4 Rxd5 20. Qe2 cxb4 21.
Bf4 Nd3 22. Be3 Qc6 23. Rfd1 Rdh5 24. h4 Qe4 25. Rxd3 cxd3 26. Rc1+ Kb7 27. Qd1 Rxh4 28. gxh4 Rxh4 0-1

[Event "*** Biggest EVER Titled Tuesday"]
[Site "Chess.com"]
[Date "2018.04.17"]
[Round "5"]
[White "djamir"]
[Black "pedromartinez91"]
[Result "1-0"]
[WhiteElo "2635"]
[BlackElo "2407"]
[TimeControl "180+2"]
[EndTime "14:07:26 PDT"]
[Termination "djamir won by resignation"]

1. d4 Nf6 2. Nf3 g6 3. Bf4 Bg7 4. h3 O-O 5. e3 d5 6. Be2 c5 7. c3 Nc6 8. O-O Nd7 9. Nbd2 e5 10. dxe5 Ndxe5 11. Nxe5 Nxe5 12. Nf3 Nc6 13. Qa4 h6 14. Rfd1 Be6 15. e4 d4 16. cxd4 Nxd4 17. Nxd4 cxd4 18. e5 Qh4 19. Bg3 Qe7 20. Rxd4 a6 21. Rad1 Qc5 22. Qb4 Qc7 23. Rd6 Rfc8 24. a3 Bf8 25. Bf3 Rab8 26. Qf4 g5 27. Qd4 b5 28. Rxa6 b4 29. Bg4 Rd8 30. Rd6 bxa3 31. bxa3 Bxd6 32. exd6 Qd7 33. Qf6 Bxg4 34. Be5 1-0

[Event "*** Biggest EVER Titled Tuesday"]
[Site "Chess.com"]
[Date "2018.04.17"]
[Round "5"]
[White "timator"]
[Black "Safar_From_Afar"]
[Result "0-1"]
[WhiteElo "2347"]
[BlackElo "2267"]
[TimeControl "180+2"]
[EndTime "14:07:29 PDT"]
[Termination "Safar_From_Afar won on time"]

1. Nf3 g6 2. g3 Bg7 3. Bg2 d6 4.
d4 Nf6 5. O-O O-O 6. c4 Nc6 7.
Nc3 Bf5 8. d5 Na5 9. Nh4 Bd7 10.
Qd3 c5 11. b3 a6 12. Bb2 Rb8 13. Ne4 Re8 14. Bc3 Nxe4 15. Bxe4 Bxc3 16. Qxc3 e5 17.
dxe6 Bxe6 18. Bg2 b5 19. cxb5 axb5 20. Rfd1 b4 21. Qd3 c4 22. bxc4 Bxc4 23. Qd4 b3 24. e3 b2 25. Rab1 Qb6 26. Qd2 Bxa2 27. Rxb2 Qxb2 28. Qxa5 Qc2 29. Re1 Rb2 0-1

[Event "*** Biggest EVER Titled Tuesday"]
[Site "Chess.com"]
[Date "2018.04.17"]
[Round "5"]
[White "GoingKronos"]
[Black "ENEASZ"]
[Result "1/2-1/2"]
[WhiteElo "2386"]
[BlackElo "2459"]
[TimeControl "180+2"]
[EndTime "14:07:31 PDT"]
[Termination "Game drawn by repetition"]

1. d4 d6 2. Nf3 g6 3. g3 Bg7 4.
Bg2 Nf6 5. c4 O-O 6. O-O Nc6 7.
Nc3 Bf5 8. Ne1 e5 9. d5 Ne7 10.
e4 Bd7 11. Nd3 Ne8 12. Be3 c6 13. Qd2 cxd5 14. cxd5 f5 15. f4 fxe4 16. Bxe4 Bh3 17. Bg2 Bxg2 18. Kxg2 Nf5 19. fxe5 dxe5 20. Nc5 Qe7 21. Ne6 Nxe3+ 22. Qxe3 Rxf1 23. Rxf1 Nc7 24. Nxc7 Qxc7 25. Ne4 Rd8 26. d6 Qc2+ 27. Rf2 Qc4 28. b3 Qc6 29. Rd2 Bh6 30. Qxh6 Qxe4+ 31. Kh3 Qf5+ 32.
Kg2 Rf8 33. Qxf8+ Kxf8 34. d7 Qe4+ 35. Kh3 Qf5+ 36. Kg2 Qe4+ 37. Kh3 Qf5+ 38. Kg2 Qe4+ 39. Kh3 Qf5+ 1/2-1/2

[Event "*** Biggest EVER Titled Tuesday"]
[Site "Chess.com"]
[Date "2018.04.17"]
[Round "5"]
[White "tigra"]
[Black "Korchmar_Vasiliy"]
[Result "1-0"]
[WhiteElo "2707"]
[BlackElo "2670"]
[TimeControl "180+2"]
[EndTime "14:07:32 PDT"]
[Termination "tigra won on time"]

1. e4 c5 2. Nf3 d6 3. d4 cxd4 4. Nxd4 Nf6 5. Nc3 Nc6 6. Bg5 e6 7. Qd2 a6 8. O-O-O h6 9. Bf4 Bd7 10. Nf3 e5 11. Be3 b5 12. a3 Be7 13. h3 b4 14.
axb4 Nxb4 15. Bc4 O-O 16. Bxh6 Rc8 17. Bb3 gxh6 18. Qxh6 Nh7 19. Kb1 Qa5 20. h4 Rxc3 21.
Ng5 Nf6 22. Qg6+ Kh8 23. Bxf7 Bf5 24. exf5 1-0

[Event "*** Biggest EVER Titled Tuesday"]
[Site "Chess.com"]
[Date "2018.04.17"]
[Round "5"]
[White "StoreySniper"]
[Black "calemcc"]
[Result "1-0"]
[WhiteElo "2241"]
[BlackElo "2239"]
[TimeControl "180+2"]
[EndTime "14:07:33 PDT"]
[Termination "StoreySniper won by checkmate"]

1. e4 e6 2. d4 d5 3. Nd2 Nc6 4. exd5 Qxd5 5. c3 e5 6. dxe5 Nxe5 7. Ngf3 Bg4 8. Be2 Nd3+ 9. Bxd3 Qxd3 10. Qa4+ Bd7 11. Qe4+ Qxe4+ 12. Nxe4 Bc6 13. Ng3 f6 14. Bf4 O-O-O 15. O-O Bc5 16. Nf5 Bxf3 17. gxf3 g6 18. Be3 Bxe3 19. Nxe3 Rd2 20. Nc4 Rd3 21. Rfe1 Nh6 22.
Re3 Rd7 23. Rae1 Nf5 24. Re6 Rf8 25. f4 b5 26. Na5 Rd2 27. b4 Rxa2 28. Ra6 Nh4 29. Rd1 Nf3+ 30. Kg2 Nh4+ 31. Kf1 Rd8 32.
Rxd8+ Kxd8 33. Nc6+ Kd7 34. Rxa2 Kxc6 35. Rxa7 Nf3 36.
Ra6+ Kd5 37. Rxf6 Nxh2+ 38. Ke2 Kc4 39. Rc6+ Kb3 40. Rxc7 h6 41. Rc6 h5 42. Rxg6 Kxc3 43.
f5 Ng4 44. Rxg4 hxg4 45. f6 Kxb4 46. f7 g3 47. fxg3 Ka3 48. f8=Q+ b4 49. g4 Kb2 50. Qxb4+ Kc1 51. Kd3 Kd1 52. Qd2# 1-0

[Event "*** Biggest EVER Titled Tuesday"]
[Site "Chess.com"]
[Date "2018.04.17"]
[Round "5"]
[White "peteseeger"]
[Black "2165149677570"]
[Result "1-0"]
[WhiteElo "2089"]
[BlackElo "2129"]
[TimeControl "180+2"]
[EndTime "14:07:38 PDT"]
[Termination "peteseeger won by checkmate"]

1. e4 c5 2. Nf3 d6 3. d4 cxd4 4. Nxd4 Nf6 5. Nc3 a6 6. Bg5 e6 7. Qe2 b5 8. O-O-O Bb7 9. e5 h6 10. Bh4 g5 11. Bg3 Nd5 12. Nxd5 Bxd5 13. exd6 Bxd6 14.
Nxe6 fxe6 15. Rxd5 Bf4+ 16. Bxf4 Qxd5 17. Qh5+ Ke7 18.
Qg6 Rf8 19. Be3 Nd7 20. Be2 Qxa2 21. Rd1 Rad8 22. c3 Qa1+ 23. Kc2 Qa4+ 24. Kb1 b4 25.
Qxh6 b3 26. Bxg5+ Nf6 27. Qg7+ Ke8 28. Bh5+ Nxh5 29. Qe7# 1-0

[Event "*** Biggest EVER Titled Tuesday"]
[Site "Chess.com"]
[Date "2018.04.17"]
[Round "5"]
[White "Vahe_Dan1"]
[Black "Diwi89"]
[Result "0-1"]
[WhiteElo "2526"]
[BlackElo "2731"]
[TimeControl "180+2"]
[EndTime "14:07:44 PDT"]
[Termination "Diwi89 won on time"]

1. e4 c5 2. Nf3 Nc6 3. Bb5 g6 4. Bxc6 bxc6 5. O-O Bg7 6. Re1 Nh6 7. Nc3 O-O 8. d3 d6 9. h3 e5 10. b3 f5 11. Bb2 f4 12. Nb1 g5 13. Nh2 Qe8 14. f3 Qg6 15. Nd2 Nf7 16. Ng4 h5 17. Nf2 Nh6 18. Kf1 g4 19. Ke2 g3 20. Nh1 d5 21. c4 Be6 22. Ba3 Rf7 23. Bxc5 Bf8 24.
Bxf8 Rfxf8 25. Qc2 Nf7 26. Rec1 d4 27. b4 Qf6 28. a4 Nh8 29. b5 c5 30. a5 Rab8 31. Nb3 Qe7 32. Qb2 Ng6 33. Qa3 Rfc8 34. Rcb1 Nh4 35.
Kf1 Kf7 36. a6 Rb6 37. Ra2 Bxh3 38. gxh3 g2+ 39. Rxg2 Nxg2 40. Kxg2 Rg6+ 41. Kf1 Rcg8 42. Ke2 Rg2+ 43. Nf2 Rxf2+ 44. Kxf2 Qh4+ 45. Ke2 Rg2+ 46. Kd1 Qf2 0-1

[Event "*** Biggest EVER Titled Tuesday"]
[Site "Chess.com"]
[Date "2018.04.17"]
[Round "5"]
[White "Mikhail_Golubev"]
[Black "BjarkeSahl"]
[Result "1-0"]
[WhiteElo "2421"]
[BlackElo "2203"]
[TimeControl "180+2"]
[EndTime "14:07:48 PDT"]
[Termination "Mikhail_Golubev won by resignation"]

1. e4 e5 2. Nf3 Nc6 3. Bc4 Bc5 4. b4 Bb6 5. a4 a5 6. b5 Nd4 7. Nxd4 Bxd4 8. c3 Bc5 9. d4 exd4 10. O-O Ne7 11.
Bxf7+ Kxf7 12. Qh5+ Ng6 13. Qd5+ Ke8 14. Qxc5 d6 15. Qxd4 Qf6 16. Qxf6 gxf6 17. c4 Be6 18. Bb2 Ne5 19. Bxe5 fxe5 20. Nd2 Rf8 21. f3 b6 22. Kf2 Kd7 23. Ke3 h5 24. Rf2 Rf7 25. Rc1 Rg8 26. Nf1 h4 27. Rcc2 Rfg7 28. h3 Rf8 29. Nh2 Rgf7 30. Ng4 Rf4 31. Ke2 R8f7 32. Ne3 Rf8 33. Nd5 R4f7 34. Ke3 Rg8 35. Rfd2 Kc8 36. Nxb6+ cxb6 37. Rxd6 Re8 38. Rxb6 Rc7 39. Ra6 Bxc4 40. Ra8+ Kd7 41. Rxe8 Kxe8 42. b6 Rc6 43. b7 Rb6 44.
Rxc4 Rxb7 45. Rc5 Rb3+ 46. Kf2 Rb2+ 47. Kg1 1-0

[Event "*** Biggest EVER Titled Tuesday"]
[Site "Chess.com"]
[Date "2018.04.17"]
[Round "5"]
[White "OK97"]
[Black "vovachesss"]
[Result "1-0"]
[WhiteElo "2579"]
[BlackElo "2357"]
[TimeControl "180+2"]
[EndTime "14:07:50 PDT"]
[Termination "OK97 won by resignation"]

1. Nf3 Nf6 2. c4 b6 3. g3 Bb7 4.
Bg2 e5 5. O-O e4 6. Ng5 h6 7.
Nh3 g5 8. Nc3 Bg7 9. d3 O-O 10.
dxe4 Re8 11. f3 c6 12. Nf2 Na6 13. f4 gxf4 14. Bxf4 d5 15. exd5 cxd5 16. cxd5 Nc5 17. Qd2 Kh7 18. e4 Nfd7 19. Ng4 h5 20. Ne3 Nf6 21.
Nf5 Nfxe4 22. Nxe4 Nxe4 23. Bxe4 Rxe4 24. Nxg7 Kxg7 25. Rad1 Qf6 26. Bh6+ Qxh6 27. Rxf7+ Kxf7 28. Qxh6 Re7 29. Qxh5+ 1-0

[Event "*** Biggest EVER Titled Tuesday"]
[Site "Chess.com"]
[Date "2018.04.17"]
[Round "5"]
[White "Martins-BR"]
[Black "kirillshevchenko"]
[Result "0-1"]
[WhiteElo "2235"]
[BlackElo "2339"]
[TimeControl "180+2"]
[EndTime "14:07:51 PDT"]
[Termination "kirillshevchenko won by resignation"]

1. e4 c5 2. Nf3 d6 3. d4 cxd4 4. Nxd4 Nf6 5. Nc3 a6 6. Bg5 e6 7.
f4 Be7 8. Qf3 h6 9. Bh4 Nbd7 10.
O-O-O Qc7 11. Be2 O-O 12. Bf2 b5 13. a3 Bb7 14. g4 d5 15. e5 Ne4 16. Nxe4 dxe4 17.
Qg3 e3 18. Bxe3 Bxh1 19. Rxh1 Rac8 20. Rg1 g6 21. h4 Rfd8 22. Bd3 Nc5 23. Kb1 Nxd3 24.
cxd3 Bc5 25. Qf2 Bxd4 26. Bxd4 Qd7 27. Bb6 Qxd3+ 28. Ka1 Rd5 29. Ba5 Qd4 30. Qg3 Rc2 31. Bc3 Qf2 32. f5 Rc1+ 33. Ka2 Qxg1 0-1

[Event "*** Biggest EVER Titled Tuesday"]
[Site "Chess.com"]
[Date "2018.04.17"]
[Round "5"]
[White "grzechu96"]
[Black "ChadBiryani"]
[Result "1-0"]
[WhiteElo "2454"]
[BlackElo "2254"]
[TimeControl "180+2"]
[EndTime "14:07:53 PDT"]
[Termination "grzechu96 won by resignation"]

1. e4 d6 2. d4 Nf6 3. Nc3 c6 4. a4 Qa5 5. Bd2 e5 6. Nd5 Qd8 7. Nxf6+ Qxf6 8. Be3 Nd7 9. Nf3 Be7 10. Bd3 exd4 11.
Bxd4 Ne5 12. Nxe5 dxe5 13. Be3 Qg6 14. O-O Bh3 15. Qf3 Bg4 16. Qg3 Bf6 17. f3 Be6 18. Qf2 h5 19. Bxa7 h4 20. Be3 h3 21. g3 Be7 22. Bc5 Bg5 23. a5 Rh6 24. Rfe1 Qf6 25. Kh1 Bg4 26. fxg4 Qd8 27. Bc4 Rf6 28. Qe2 Qc8 29.
Rf1 Rxf1+ 30. Rxf1 f6 31. b4 Qd7 32. Rd1 Qc7 33. Bb3 Rd8 34. Rxd8+ Qxd8 35. Qd3 Qc8 36. Qc4 1-0

[Event "*** Biggest EVER Titled Tuesday"]
[Site "Chess.com"]
[Date "2018.04.17"]
[Round "5"]
[White "Thee-Chessboy"]
[Black "Supernotar"]
[Result "1-0"]
[WhiteElo "2312"]
[BlackElo "2428"]
[TimeControl "180+2"]
[EndTime "14:07:58 PDT"]
[Termination "Thee-Chessboy won by resignation"]

1. d4 d5 2. c4 dxc4 3. e4 Nf6 4. e5 Nd5 5. Bxc4 Nc6 6. Ne2 Nb6 7.
Bb3 Bg4 8. f3 Bh5 9. O-O e6 10.
Be3 Nb4 11. Nbc3 Be7 12. Nf4 Bg6 13. a3 N4d5 14. Ncxd5 Nxd5 15. Nxd5 exd5 16. f4 Be4 17. Bc2 Bxc2 18. Qxc2 O-O 19. Rac1 c6 20. f5 Re8 21. Qd2 Qd7 22. Rf3 Bf8 23. f6 g6 24. Bh6 Re6 25. Bxf8 Kxf8 26. Qh6+ Ke8 27. Qxh7 Kd8 28. Qh8+ Re8 29. Qh4 Kc7 30. Qf4 Qe6 31. b4 a6 32.
a4 Rh8 33. b5 axb5 34. axb5 Rh5 35. bxc6 bxc6 36. Rfc3 Ra6 37. Qf1 Rb6 38. Qe2 Rg5 39. Qa2 Qc8 40. Qa5 Kb7 41. Ra3 Qb8 42. Qc5 Qc7 43.
Rca1 Kc8 44. Qf8+ Kd7 45. Qe7+ Kc8 46. Ra8+ Rb8 47. Qe8+ Kb7 48. Rxb8+ Qxb8 49. Rb1+ 1-0

[Event "*** Biggest EVER Titled Tuesday"]
[Site "Chess.com"]
[Date "2018.04.17"]
[Round "5"]
[White "Ravan_02"]
[Black "ABDELAZEEZ-M"]
[Result "0-1"]
[WhiteElo "2438"]
[BlackElo "2307"]
[TimeControl "180+2"]
[EndTime "14:08:00 PDT"]
[Termination "ABDELAZEEZ-M won by checkmate"]

1. d4 d5 2. Bf4 Nf6 3. e3 c5 4. c3 Nc6 5. Nd2 Qb6 6. Qb3 c4 7. Qxb6 axb6 8. a3 b5 9. Rc1 Bf5 10. Ngf3 h6 11. h3 e6 12. Be2 Nd7 13. g4 Bh7 14.
Bg3 Nb6 15. Bd1 Bd3 16. Ne5 Nxe5 17. Bxe5 Kd7 18. Nf3 f6 19. Bg3 Be7 20. Kd2 g5 21. Bc2 Be4 22. Bxe4 dxe4 23. Ne1 Nd5 24. f3 f5 25.
fxe4 fxe4 26. Nc2 Raf8 27. Rcf1 Rf3 28. Rxf3 exf3 29. e4 Nf4 30. Bxf4 gxf4 31. Rf1 h5 32. gxh5 Rxh5 33. Rxf3 e5 34. dxe5 Ke6 35. Nd4+ Kxe5 36. Rf2 Rxh3 37. Nxb5 Bh4 38. Rg2 f3 39. Rg8 Kxe4 40. Re8+ Kf4 41. Rf8+ Kg3 42. Nd4 Bg5+ 43. Kc2 Rh2+ 44. Kd1 Rh1+ 45. Kc2 Rc1# 0-1

[Event "*** Biggest EVER Titled Tuesday"]
[Site "Chess.com"]
[Date "2018.04.17"]
[Round "5"]
[White "PenguinPacks"]
[Black "IMVoja"]
[Result "0-1"]
[WhiteElo "2139"]
[BlackElo "2320"]
[TimeControl "180+2"]
[EndTime "14:08:00 PDT"]
[Termination "IMVoja won by resignation"]

1. e4 c5 2. Nc3 a6 3. g3 Nc6 4.
Bg2 g6 5. f4 Bg7 6. d3 e6 7. Nh3 Nge7 8. e5 d6 9. exd6 Qxd6 10. O-O O-O 11. Nf2 Nd4 12. Be3 Nef5 13. Bd2 Rb8 14. Nce4 Qc7 15. c3 Nb5 16. g4 Nfd6 17.
Be3 b6 18. a4 Na7 19. Qc2 Nc6 20. Nxd6 Qxd6 21. Ne4 Qc7 22. Qf2 Ne7 23. Qh4 Nd5 24. Bd2 h6 25. c4 Nb4 26. Nf6+ Kh8 27. f5 Qe7 28. Bxh6 Bxf6 29. Bg5+ Kg7 30. Qh6+ Kg8 31. fxg6 fxg6 32. Qxg6+ Qg7 33. Qe4 Qxg5 34. h4 Bd4+ 35. Kh2 Qxh4+ 36. Bh3 Rf2+ 37. Rxf2 Qxf2+ 38. Kh1 Qf6 39. Re1 Bb7 0-1

[Event "*** Biggest EVER Titled Tuesday"]
[Site "Chess.com"]
[Date "2018.04.17"]
[Round "5"]
[White "Karina_Oparina"]
[Black "Andreikka"]
[Result "0-1"]
[WhiteElo "2154"]
[BlackElo "2792"]
[TimeControl "180+2"]
[EndTime "14:08:03 PDT"]
[Termination "Andreikka won by resignation"]

1. d4 d5 2. c4 c6 3. Nf3 Nf6 4. e3 Bf5 5. Nc3 e6 6. Nh4 Be4 7. f3 Bg6 8. Nxg6 hxg6 9. c5 Qc7 10. f4 b6 11. b4 a5 12. cxb6 Qxb6 13. bxa5 Qxa5 14. Bd2 Bb4 15. Qc2 Nbd7 16. Be2 O-O 17. O-O Rfc8 18. a3 Be7 19. Ne4 Qd8 20. Nxf6+ gxf6 21.
Bd3 f5 22. Bb4 c5 23. dxc5 Bxc5 24. Qd2 Qb6 25. Rae1 Rab8 26. Bxc5 Nxc5 27. Rb1 Qa7 28. Rxb8 Rxb8 29. Rb1 Rxb1+ 30. Bxb1 Qxa3 31. Kf2 Qb3 32.
Qc2 Qb6 33. Qd2 Qxb1 0-1

[Event "*** Biggest EVER Titled Tuesday"]
[Site "Chess.com"]
[Date "2018.04.17"]
[Round "5"]
[White "bancsoo"]
[Black "nurmiTV"]
[Result "1-0"]
[WhiteElo "2588"]
[BlackElo "2452"]
[TimeControl "180+2"]
[EndTime "14:08:08 PDT"]
[Termination "bancsoo won on time"]

1. Nf3 c5 2. g3 Nc6 3. Bg2 g6 4. O-O Bg7 5. c4 e6 6. Nc3 Nge7 7. d3 O-O 8. Bf4 d6 9. Qc1 Nf5 10. a3 Nfd4 11. Nxd4 Nxd4 12. Rb1 a5 13. Bh6 Rb8 14. Bxg7 Kxg7 15. b4 axb4 16. axb4 b6 17. e3 Nf5 18.
Qb2 f6 19. Ne4 Bb7 20. Ra1 Rf7 21. Rfd1 h6 22. Ra7 d5 23. cxd5 exd5 24. Nd2 Ra8 25. Rxa8 Qxa8 26. Ra1 Qc8 27. bxc5 bxc5 28. Bh3 c4 29. Rc1 Rc7 30. Bxf5 Qe6 31. Bxe6 1-0

[Event "*** Biggest EVER Titled Tuesday"]
[Site "Chess.com"]
[Date "2018.04.17"]
[Round "5"]
[White "Zhani-Z"]
[Black "MattyDPerrine"]
[Result "1-0"]
[WhiteElo "2414"]
[BlackElo "2243"]
[TimeControl "180+2"]
[EndTime "14:08:09 PDT"]
[Termination "Zhani-Z won on time"]

1. e4 c5 2. Nf3 e6 3. g3 Nf6 4.
Nc3 d5 5. exd5 exd5 6. d4 Nc6 7.
Bg2 Bg4 8. dxc5 Bxc5 9. O-O O-O 10. a3 d4 11. Ne2 a5 12. h3 Bh5 13. Nf4 Bg6 14. Nxg6 hxg6 15. Ne1 Rc8 16. Nd3 Bd6 17. Bg5 Qc7 18. Qd2 Ne5 19. Rac1 Nfd7 20. Nxe5 Bxe5 21.
Qe2 Rfe8 22. Qf3 Nc5 23. Bd2 b6 24. h4 f5 25. h5 Ne4 26. Rfd1 Qf7 27. Bh3 Nd6 28. hxg6 Qxg6 29. Kg2 Rf8 30. Re1 1-0

[Event "*** Biggest EVER Titled Tuesday"]
[Site "Chess.com"]
[Date "2018.04.17"]
[Round "5"]
[White "Kozok"]
[Black "NMJeevanK"]
[Result "1-0"]
[WhiteElo "2221"]
[BlackElo "2261"]
[TimeControl "180+2"]
[EndTime "14:08:09 PDT"]
[Termination "Kozok won by resignation"]

1. e4 c6 2. d4 d5 3. e5 c5 4. dxc5 e6 5. a3 Bxc5 6. b4 Bb6 7. Bb2 Ne7 8. Nf3 a6 9. Bd3 Nbc6 10. O-O Ng6 11. Re1 Bd7 12. Nbd2 Rc8 13. c4 Nf4 14. Bf1 g5 15. cxd5 Nxd5 16. Ne4 g4 17. Nd6+ Kf8 18. Nxc8 Bxc8 19. Nd4 Ba7 20. Nxc6 bxc6 21. Bd4 Bb8 22. Bc5+ Ke8 23. Qxg4 Kd7 24. a4 Rg8 25. Qf3 Qg5 26. Qxf7+ Kd8 27. Rad1 Bd7 28.
Bd6 Ba7 29. Rxd5 cxd5 30. Qf6+ Ke8 31. Qxg5 Rxg5 32. Bxa6 Bxa4 33. Kf1 Rf5 34. f3 Rf4 35. Bd3 Rd4 36. Ke2 Kd7 37. Ra1 Rxd3 38. Kxd3 Bb5+ 39. Kd2 Bd4 40. Ra8 Bg1 41. Rh8 Bf1 42. Rxh7+ Kc6 43. Rc7+ Kb6 44. Rc1 1-0

[Event "*** Biggest EVER Titled Tuesday"]
[Site "Chess.com"]
[Date "2018.04.17"]
[Round "5"]
[White "hblanco"]
[Black "ChessMavenYeti"]
[Result "1-0"]
[WhiteElo "2329"]
[BlackElo "2084"]
[TimeControl "180+2"]
[EndTime "14:08:09 PDT"]
[Termination "hblanco won on time"]

1. e4 e5 2. Nf3 Nf6 3. Nxe5 d6 4. Nf3 Nxe4 5. Nc3 Nxc3 6. dxc3 Nc6 7. Be3 Be6 8. Qd2 Be7 9. O-O-O Qd7 10. Kb1 O-O-O 11.
Bd3 Kb8 12. Rhe1 h6 13. h3 d5 14. Nd4 Nxd4 15. cxd4 Bf6 16. c3 Rhe8 17. Qc2 g5 18.
Re2 Re7 19. Rde1 Rde8 20. f4 gxf4 21. Bxf4 a6 22. Bxh6 Ka7 23. g4 Bh4 24. Rf1 f6 25. Bg6 Rh8 26. Bc1 Bg5 27. Bxg5 fxg5 28. Rf3 Qd6 29.
Re5 Rg7 30. a3 Rxg6 31. Qxg6 1-0

[Event "*** Biggest EVER Titled Tuesday"]
[Site "Chess.com"]
[Date "2018.04.17"]
[Round "5"]
[White "KNVB"]
[Black "Anar_Aliakbarov"]
[Result "1-0"]
[WhiteElo "2586"]
[BlackElo "2378"]
[TimeControl "180+2"]
[EndTime "14:08:10 PDT"]
[Termination "KNVB won by resignation"]

1. d4 d5 2. Bf4 Nf6 3. e3 e6 4. Nf3 Bd6 5. Nbd2 Bxf4 6. exf4 O-O 7. Bd3 b6 8. Qe2 a5 9. O-O Ba6 10. Bxa6 Nxa6 11. c3 c5 12. Rfe1 c4 13. a4 Rb8 14.
Nf1 b5 15. axb5 Rxb5 16. Ne3 Qb8 17. Nd1 Qxf4 18. Ne5 Rfb8 19. g3 Qf5 20. Nc6 R8b7 21. b4 cxb3 22. Ne7+ Rxe7 23. Qxb5 Nc7 24. Qxb3 Ne4 25.
Qb1 Qf3 26. Re3 Qh5 27. Qd3 Nd6 28. Rxa5 Nc4 29. Qxc4 Qxd1+ 30. Qf1 Qg4 31. Ra7 g6 32. Qb1 Kf8 33. Rxc7 Rxc7 34. Qb8+ Kg7 35. Qxc7 1-0

[Event "*** Biggest EVER Titled Tuesday"]
[Site "Chess.com"]
[Date "2018.04.17"]
[Round "5"]
[White "underdogchss"]
[Black "Fins0905"]
[Result "0-1"]
[WhiteElo "2377"]
[BlackElo "2520"]
[TimeControl "180+2"]
[EndTime "14:08:14 PDT"]
[Termination "Fins0905 won by checkmate"]

1. d4 g6 2. Nf3 Bg7 3. c4 d6 4.
Nc3 Bg4 5. e3 e5 6. Be2 Nc6 7.
dxe5 dxe5 8. Qa4 Bd7 9. Qb3 Rb8 10.
O-O Nge7 11. Rd1 O-O 12. Qa3 Qc8 13. Nd5 Re8 14. e4 Nxd5 15. cxd5 Nd4 16. Nxd4 exd4 17. Qxa7 Rxe4 18. Bf3 Re8 19. Bf4 Bg4 20. Bxg4 Qxg4 21. Bxc7 Ra8 22. Qxb7 Rxa2 23. f3 Rxa1 24. Rxa1 Qg5 25.
f4 Qg4 26. Ra8 Qd1+ 27. Kf2 Qe1+ 28. Kf3 Qe3+ 29. Kg4 f5+ 30. Kg5 Qe7# 0-1

[Event "*** Biggest EVER Titled Tuesday"]
[Site "Chess.com"]
[Date "2018.04.17"]
[Round "5"]
[White "Aikiigm"]
[Black "Godzillator"]
[Result "0-1"]
[WhiteElo "2444"]
[BlackElo "2303"]
[TimeControl "180+2"]
[EndTime "14:08:20 PDT"]
[Termination "Godzillator won by checkmate"]

1. d4 d5 2. Bf4 c5 3. dxc5 Nc6 4. c3 e5 5. Bg3 Bxc5 6. Nf3 f6 7. e3 Be6 8. Nbd2 Nge7 9. Be2 O-O 10. O-O Kh8 11. Re1 Rc8 12. Bf1 Bb6 13. a4 a6 14. Rc1 Qd7 15. b4 Rfd8 16. a5 Ba7 17. Nb3 Bg4 18. h3 Bh5 19. Be2 e4 20. Nfd4 Bxe2 21. Qxe2 Ne5 22.
Nd2 Nd3 23. f3 Nxe1 24. Qxe1 exf3 25. N2xf3 Nf5 26. Bf2 Nxd4 27. exd4 Re8 28. Qd2 Bb8 29. Ne1 Qf5 30. Nd3 Re7 31. Rf1 Qh5 32. Be3 Rce8 33. Bf4 Bxf4 34. Nxf4 Qg5 35. Qf2 Re3 36. Qa2 Rxc3 37.
Nxd5 Rg3 38. Nf4 h5 39. d5 Re4 40. Qf2 Rxf4 41. Qxf4 Rxg2+ 42. Kh1 Rg1+ 43. Kh2 Qg2# 0-1